 Dungeon Crawl Stone Soup version 0.22.0-27-ga576289601 (webtiles) character file.

145908 Flugkiller the Severer (level 16, -7/154 HPs)
             Began as a Deep Dwarf Fighter on Aug 22, 2018.
             Was the Champion of Makhleb.
             Mangled by a jumping spider (8 damage)
             ... on level 3 of the Spider Nest.
             The game lasted 00:24:34 (19197 turns).

Flugkiller the Severer (Deep Dwarf Fighter)        Turns: 19197, Time: 00:24:34

Health: -7/154     AC: 20    Str: 26    XL:     16   Next: 88%
Magic:  6/6        EV: 15    Int: 10    God:    Makhleb [******]
Gold:   1787       SH:  0    Dex: 10    Spells: 15/15 levels left

rFire    . . .     SeeInvis .   B - +2 battleaxe (chop)
rCold    + . .     Gourm    .   (shield currently unavailable)
rNeg     + + .     Faith    .   F - +3 scale mail "Gunwasukh" {rC- Regen+ Slay+6 Stlth+}
rPois    .         Spirit   .   u - +2 hat
rElec    .         Reflect  .   I - +0 cloak
rCorr    .         Harm     .   l - +0 pair of gloves
MR       ++++.                  N - +1 pair of boots
Stlth    ..........             K - amulet of magic regeneration (curse)
HPRegen  0.00/turn              p - -2 ring of dexterity (curse)
MPRegen  0.35/turn              P - ring of Igaguz {rC++ rN+ MR++ Stlth-}

@: confused, non-regenerating
A: damage resistance, heal wounds, negative energy resistance 1, sense
surroundings 2, no regeneration
a: Heal Wounds, Minor Destruction, Lesser Servant of Makhleb, Major Destruction,
Greater Servant of Makhleb, Renounce Religion


You were on level 3 of the Spider Nest.
You worshipped Makhleb.
Makhleb was exalted by your worship.
You were hungry.

You visited 4 branches of the dungeon, and saw 27 of its levels.

You collected 2185 gold pieces.
You spent 398 gold pieces at shops.

Inventory:

Hand Weapons
 B - a +2 battleaxe of chopping (weapon)
Armour
 l - a +0 pair of gloves (worn)
 u - a +2 hat (worn)
 F - the +3 scale mail "Gunwasukh" (worn) {rC- Regen+ Slay+6 Stlth+}
   (You found it on level 7 of the Dungeon)

   It affects your accuracy and damage with ranged weapons and melee attacks
   (+6).
   It makes you vulnerable to cold.
   It increases your rate of regeneration.
   It makes you more stealthy.
 I - a +0 cloak (worn)
 N - a +1 pair of boots (worn)
Jewellery
 p - a cursed -2 ring of dexterity (left hand)
 K - a cursed amulet of magic regeneration (around neck)
 P - the ring of Igaguz (right hand) {rC++ rN+ MR++ Stlth-}
   (You found it on level 1 of the Lair of Beasts)

   [ring of positive energy]

   It greatly protects you from cold.
   It protects you from negative energy.
   It affects your resistance to hostile enchantments.
   It makes you less stealthy.
Wands
 i - a wand of flame (68)
 r - a wand of iceblast (19)
 x - a wand of disintegration (3)
 A - a wand of paralysis (3)
 L - a wand of digging (38)
 Q - a wand of scattershot (3)
 Y - a wand of acid (3)
Scrolls
 e - 5 scrolls of enchant armour {unknown}
 h - 32 scrolls of identify {unknown}
 j - 9 scrolls of teleportation {unknown}
 k - 4 scrolls of random uselessness {unknown}
 m - 18 scrolls of remove curse {unknown}
 o - 3 scrolls of blinking {unknown}
 q - 5 scrolls of enchant weapon {unknown}
 v - 3 scrolls of immolation {unknown}
 y - 7 scrolls of amnesia {unknown}
 C - a scroll of magic mapping {unknown}
 G - a scroll of fear {unknown}
 H - a scroll of noise {unknown}
 O - 5 scrolls of fog {unknown}
 R - a scroll of torment {unknown}
 X - a scroll of silence {unknown}
Potions
 b - a potion of resistance {unknown}
 c - a potion of invisibility {unknown}
 d - 7 potions of might
 g - 4 potions of berserk rage {unknown}
 n - 3 potions of cancellation {unknown}
 s - 12 potions of curing
 t - 2 potions of degeneration {unknown}
 w - 4 potions of haste {unknown}
 z - 3 potions of agility {unknown}
 D - 9 potions of heal wounds {unknown}
 E - 5 potions of brilliance {unknown}
 J - 2 potions of flight {unknown}
 M - 4 potions of lignification {unknown}
 S - 2 potions of ambrosia {unknown}
 U - a potion of mutation {unknown}
 V - 2 potions of magic {unknown}
Miscellaneous
 T - a phantom mirror
 W - a box of beasts
Comestibles
 f - 51 rations


   Skills:
 + Level 12.5 Fighting
 * Level 19.2 Axes
 + Level 14.5 Armour
 * Level 10.9 Dodging
   Level 3.2 Shields
 + Level 15.4 Invocations
 - Level 5.0 Evocations


You had 15 spell levels left.
You didn't know any spells.
Your spell library contained the following spells:

 Spells                   Type           Power        Failure   Level  Hunger
 Corpse Rot               Necr           N/A          71%         2    ###....
 Ensorcelled Hibernation  Hex/Ice        #.....       71%         2    ###....
 Poisonous Vapours        Pois/Air       #.....       71%         2    ###....
 Conjure Flame            Conj/Fire      #.......     90%         3    ####...
 Mephitic Cloud           Conj/Pois/Air  #.......     90%         3    ####...
 Stone Arrow              Conj/Erth      #.....       90%         3    ####...
 Cause Fear               Hex            #.........   100%        4    #####..
 Leda's Liquefaction      Hex/Erth       #.........   100%        4    #####..
 Summon Lightning Spire   Summ/Air       #.......     100%        4    #####..
 Bolt of Magma            Conj/Fire/Erth #.........   100%        5    ######.
 Borgnjor's Vile Clutch   Necr/Erth      #.........   100%        5    ######.
 Silence                  Hex/Air        #.........   100%        5    ######.
 Summon Forest            Summ/Tloc      #.........   100%        5    ######.
 Yara's Violent Unravell  Hex/Tmut       #.........   100%        5    ######.
 Conjure Ball Lightning   Conj/Air       #.........   100%        6    #######
 Darkness                 Hex            #.........   100%        6    #######
 Deflect Missiles         Chrm/Air       #.........   100%        6    #######
 Freezing Cloud           Conj/Ice/Air   #.........   100%        6    #######
 Hydra Form               Tmut           #.........   100%        6    #######
 Iron Shot                Conj/Erth      #.........   100%        6    #######
 Shadow Creatures         Summ           N/A          100%        6    #######
 Statue Form              Tmut/Erth      #........    100%        6    #######
 Ring of Flames           Chrm/Fire      #.........   100%        7    #######
 Summon Hydra             Summ           #.........   100%        7    #######
 Discord                  Hex            #.........   100%        8    #######
 Shatter                  Erth           #.........   100%        9    #######
 Tornado                  Air            #.........   100%        9    #######


Dungeon Overview and Level Annotations

Branches:
Dungeon (15/15)            Temple (0/1) D:7            Lair (6/6) D:10
  Swamp (0/4) Lair:4       Spider (4/4) Lair:4        Slime (0/5) Lair:5
    Orc (2/2) D:11            Elf (0/3) Orc:2        Vaults (0/5) D:13
 Depths (0/5) D:15

Altars:
Ashenzari
Cheibriados
Dithmenos
Elyvilon
Fedhas
Gozag
Makhleb
Sif Muna
Trog
Vehumet
Wu Jian
Yredelemnul
Zin
The Shining One

Shops:
D:4 ?   D:5 %   D:6 (   D:9 [(}   D:10 (   Orc:2 [}(*[

Annotations:
D:4 3 runed doors, Azzok's ghost, amateur DgEE; rumpelstilzz's ghost, amateur TrWz
D:14 exclusion: Roxanne, Roxanne
Lair:4 exclusion: oklob plant
Lair:5 exclusion: oklob plant


Innate Abilities, Weirdness & Mutations

You are resistant to damage.
You can heal yourself by infusing magical energy.
You resist negative energy. (rN+)
You passively map the area around you.
You do not regenerate.


Message History

The jumping spider pounces on you!
* * * LOW HITPOINT WARNING * * *
The jumping spider bites you but does no damage.
You slash the redback!
The redback is severely wounded.
You miss the tarantella. You completely miss the jumping spider.
You are no longer poisoned.
The tarantella bites you!
* * * LOW HITPOINT WARNING * * *
The redback bites you but does no damage.
The jumping spider pounces on you!!
* * * LOW HITPOINT WARNING * * *
You are caught in a web!
The jumping spider bites you but does no damage.
The tarantella bites you.
* * * LOW HITPOINT WARNING * * *
You are more confused.
Okay, then.
The jumping spider pounces on you!
You die...

#^.#.^...............##≈≈#
≈..........#####≈#####..≈##
#........###.....##......≈#
#.....####........#.....###
........................##
.........................#
........................##
...............s.s.##≈^##
...............†@....≈##
^#.............#^s...≈##
.#.........#####≈.....≈#
.#....#≈####....≈#...≈≈#
.#..............#≈...≈≈#
.#.....^.......#####≈###
.#.............^## ###
.#....#..†......≈#
.#....#....####≈≈#


You could see a jumping spider (berserk), a tarantella (berserk) and a redback.

Vanquished Creatures
  Arachne (Spider:1)
  Asterion (Spider:2)
  Kirke (Spider:1)
  4 emperor scorpions
  5 entropy weavers
  Nessos (Orc:2)
  Azrael (D:15)
  2 spark wasps
  Snorg (Lair:4)
  A yaktaur captain (D:15)
  Josephine (D:14)
  4 vault guards (D:13)
  Harold (D:8)
  A rakshasa (D:13)
  4 ogre magi (Orc:2)
  2 centaur warriors (D:15)
  Erica (D:8)
  7 death yaks (Lair:5)
  A tengu warrior (D:14)
  17 two-headed ogres
  Urug (Orc:2)
  2 unseen horrors
  Pikel (D:5)
  11 ugly things
  16 orb spiders
  15 wolf spiders
  2 orc knights
  An orc sorcerer (Orc:1)
  A manticore (D:12)
  3 moths of wrath
  2 cyclopes
  Joseph (D:7)
  A black mamba (Lair:6)
  18 elephants
  2 torpor snails
  5 centaur skeletons
  9 spiny frogs
  A gargoyle (D:13)
  2 rime drakes
  5 komodo dragons
  9 demonic crawlers
  A tengu conjurer (D:14)
  3 trolls
  18 jumping spiders
  5 hornets
  A polar bear (Lair:6)
  25 blink frogs
  14 slime creatures
  Prince Ribbit (D:8)
  10 dream sheep (Lair:6)
  10 hippogriffs
  62 redbacks
  Sigmund (D:4)
  5 shadows
  27 tarantellas
  2 wyverns
  6 basilisks
  4 wraiths (D:14)
  A vampire (D:14)
  30 yaks
  4 hungry ghosts
  4 hogs (Spider:1)
  2 fire elementals (D:15)
  A steam dragon (D:5)
  8 vampire mosquitoes
  Edmund (D:6)
  2 wargs
  3 swamp worms (Lair:4)
  2 acid dragons
  8 water moccasins
  2 soldier ants (D:8)
  12 porcupines
  5 hell hounds
  4 sky beasts
  3 ice beasts
  17 orc warriors
  2 black bears
  3 necrophages
  35 ogres
  4 phantoms
  6 wolves (Lair:2)
  6 centaurs
  11 crocodiles
  A big kobold (D:9)
  19 bullfrogs
  A gnoll sergeant (D:8)
  2 wyvern skeletons
  6 scorpions
  16 killer bees
  2 troll zombies (D:11)
  An electric eel (Lair:6)
  7 wights
  2 howler monkeys
  4 crimson imps
  3 hounds
  2 bullfrog zombies
  2 jellies
  A lava snake (D:13)
  A quasit (D:6)
  4 centaur zombies
  A gnoll shaman (D:6)
  13 orc priests
  3 bullfrog skeletons
  14 orc wizards
  4 iguanas
  4 hell rats (Lair:3)
  12 worker ants
  2 killer bee zombies
  4 ogre zombies (D:11)
  A hound skeleton (D:10)
  A howler monkey zombie (D:7)
  A howler monkey skeleton (D:6)
  13 adders
  21 gnolls
  A shadow imp (D:6)
  An ooze (D:1)
  An adder zombie (D:8)
  An adder skeleton (D:8)
  3 worms
  6 leopard geckos
  61 orcs
  8 bats
  A giant cockroach (D:6)
  9 hobgoblins
  5 jackals
  14 kobolds
  5 quokkas
  2 ball pythons
  9 frilled lizards
  13 goblins
  A goblin skeleton (D:11)
  4 goblin zombies (D:11)
  2 hobgoblin skeletons (D:11)
  2 hobgoblin zombies (D:11)
  2 orc skeletons (D:11)
  8 orc zombies (D:11)
  6 rats
  11 fungi
  4 plants
884 creatures vanquished.

Vanquished Creatures (collateral kills)
  Rupert (Spider:1)
  2 ghost moths (Spider:3)
  An entropy weaver (Spider:3)
  3 hydras
  3 wolf spiders
  A rime drake (Lair:6)
  2 jumping spiders (Spider:3)
  2 dream sheep (Lair:6)
  8 redbacks
  3 tarantellas
  A human (Spider:1)
  2 centaurs (D:15)
  A plant (Lair:6)
30 creatures vanquished.

Vanquished Creatures (others)
  A slime creature (D:15)
  A human (Spider:1)
  A shadow imp (D:15)
  A leopard gecko (D:5)
  An orc (Orc:1)
  11 fungi
  5 plants
  A withered plant (D:4)
22 creatures vanquished.

Grand Total: 936 creatures vanquished

Notes
Turn   | Place    | Note
-------+----------+-------------------------------------------
     0 | D:1      | Flugkiller the Deep Dwarf Fighter began the quest for the Orb.
     0 | D:1      | Reached XP level 1. HP: 20/20 MP: 1/1
    88 | D:1      | Reached XP level 2. HP: 20/27 MP: 2/2
   133 | D:1      | Reached skill level 3 in Axes
   224 | D:1      | Reached XP level 3. HP: 30/34 MP: 3/3
   921 | D:2      | Reached XP level 4. HP: 29/42 MP: 4/4
  1171 | D:2      | Reached skill level 4 in Axes
  1219 | D:2      | Reached XP level 5. HP: 47/49 MP: 5/5
  1258 | D:2      | Found a bloodstained altar of Trog.
  2072 | D:4      | Noticed Sigmund
  2112 | D:4      | Found Gozuph's Magic Scroll Shop.
  2177 | D:4      | Killed Sigmund
  2177 | D:4      | Reached skill level 5 in Axes
  2177 | D:4      | Reached XP level 6. HP: 44/57 MP: 6/6
  2207 | D:4      | Found a snail-covered altar of Cheibriados.
  2295 | D:4      | Found an opulent altar of Gozag.
  2387 | D:4      | Found a runed gate.
  2387 | D:4      | Found a runed gate.
  2443 | D:4      | Found a blossoming altar of Fedhas.
  2674 | D:4      | Found a runed gate.
  2675 | D:4      | Noticed Azzok's ghost (amateur DgEE)
  2676 | D:4      | Noticed rumpelstilzz's ghost (amateur TrWz)
  2856 | D:5      | Entered Level 5 of the Dungeon
  2888 | D:5      | Reached skill level 6 in Axes
  2888 | D:5      | Reached skill level 5 in Armour
  2892 | D:5      | Reached XP level 7. HP: 51/64 MP: 6/6
  2965 | D:5      | Found Reidumn's Food Boutique.
  3060 | D:5      | Noticed a steam dragon
  3069 | D:5      | Killed a steam dragon
  3069 | D:5      | Reached skill level 7 in Axes
  3122 | D:5      | Found a deep blue altar of Sif Muna.
  3188 | D:5      | Noticed Pikel
  3215 | D:5      | Killed Pikel
  3215 | D:5      | Reached skill level 5 in Fighting
  3215 | D:5      | Reached skill level 8 in Axes
  3215 | D:5      | Reached XP level 8. HP: 63/75 MP: 7/7
  3283 | D:5      | Found a radiant altar of Vehumet.
  3284 | D:5      | Found a burning altar of Makhleb.
  3295 | D:5      | Became a worshipper of Makhleb the Destroyer
  3486 | D:6      | Noticed Edmund
  3512 | D:6      | Killed Edmund
  3512 | D:6      | Reached skill level 1 in Invocations
  3629 | D:6      | Reached skill level 9 in Axes
  3637 | D:6      | Found Bioz's Antique Weapon Emporium.
  3640 | D:6      | Bought a runed battleaxe for 218 gold pieces
  3669 | D:6      | Found a sand-covered staircase.
  3743 | D:6      | Found a shadowy altar of Dithmenos.
  3763 | D:6      | Gained mutation: You passively map the area around you. [Deep Dwarf growth]
  3763 | D:6      | Reached XP level 9. HP: 36/82 MP: 10/10
  3798 | D:6      | Reached * piety under Makhleb
  3829 | D:6      | Found a glowing golden altar of the Shining One.
  4229 | D:6      | Found a glowing silver altar of Zin.
  4293 | D:7      | Found a staircase to the Ecumenical Temple.
  4495 | D:7      | Reached skill level 10 in Axes
  4518 | D:7      | Got a fine scale mail
  4529 | D:7      | Identified the +3 scale mail "Gunwasukh" {rC- Regen+ Slay+6 Stlth+} (You found it on level 7 of the Dungeon)
  4588 | D:7      | Found an ornate altar of the Wu Jian Council.
  4696 | D:7      | Reached ** piety under Makhleb
  4696 | D:7      | Reached skill level 5 in Invocations
  4744 | D:7      | Noticed Joseph
  4754 | D:7      | Killed Joseph
  4930 | D:7      | Reached XP level 10. HP: 91/92 MP: 11/11
  5356 | D:8      | Reached skill level 11 in Axes
  5397 | D:8      | Noticed Harold
  5411 | D:8      | Killed Harold
  5442 | D:8      | Noticed Prince Ribbit
  5450 | D:8      | Killed Prince Ribbit
  5652 | D:8      | Noticed Erica
  5664 | D:8      | Killed Erica
  5953 | D:9      | Found a white marble altar of Elyvilon.
  6007 | D:9      | Found a basalt altar of Yredelemnul.
  6096 | D:9      | Found Lamux's Antique Armour Boutique.
  6125 | D:9      | Bought a pair of runed boots for 180 gold pieces
  6187 | D:9      | Reached *** piety under Makhleb
  6254 | D:9      | Found Tupumool's Weapon Boutique.
  6270 | D:9      | Reached skill level 12 in Axes
  6273 | D:9      | Found Suimok's Gadget Emporium.
  6488 | D:10     | Entered Level 10 of the Dungeon
  6570 | D:10     | Reached XP level 11. HP: 101/103 MP: 13/13
  6600 | D:10     | Paralysed by a hornet for 1 turns
  6863 | D:10     | Noticed a two-headed ogre
  6869 | D:10     | Killed a two-headed ogre
  6875 | D:10     | Reached **** piety under Makhleb
  6889 | D:10     | Found a shattered altar of Ashenzari.
  7133 | D:10     | Found a staircase to the Lair.
  7190 | D:10     | Found Wuhedd's Weapon Shoppe.
  7233 | Lair:1   | Entered Level 1 of the Lair of Beasts
  7282 | Lair:1   | Reached skill level 13 in Axes
  7282 | Lair:1   | Reached skill level 10 in Armour
  7590 | Lair:1   | Got a sparkling steel ring
  8240 | Lair:2   | Reached XP level 12. HP: 90/112 MP: 16/16
  8380 | Lair:2   | Noticed a five-headed hydra
  8390 | Lair:2   | Killed a seven-headed hydra
  8778 | Lair:3   | Reached skill level 10 in Invocations
  8792 | Lair:3   | Reached skill level 14 in Axes
  9323 | Lair:4   | Found a frozen archway.
  9362 | Lair:4   | Reached ***** piety under Makhleb
  9510 | Lair:4   | Found a hole to the Spider Nest.
  9564 | Lair:4   | Reached skill level 1 in Evocations
  9586 | Lair:4   | Noticed Snorg
  9596 | Lair:4   | Killed Snorg
  9651 | Lair:4   | Found a staircase to the Swamp.
  9987 | Lair:5   | Noticed a death yak
 10014 | Lair:5   | Killed a death yak
 10014 | Lair:5   | Noticed a death yak
 10016 | Lair:5   | Noticed a death yak
 10020 | Lair:5   | Noticed a death yak
 10024 | Lair:5   | Killed a death yak
 10026 | Lair:5   | Killed a death yak
 10031 | Lair:5   | Killed a death yak
 10166 | Lair:5   | Reached skill level 15 in Axes
 10221 | Lair:5   | Noticed a death yak
 10222 | Lair:5   | Noticed a death yak
 10223 | Lair:5   | Noticed a death yak
 10261 | Lair:5   | Killed a death yak
 10261 | Lair:5   | Reached XP level 13. HP: 71/122 MP: 17/17
 10860 | Lair:6   | Entered Level 6 of the Lair of Beasts
 10897 | Lair:6   | Reached skill level 5 in Evocations
 10909 | Lair:6   | Reached skill level 10 in Fighting
 11118 | Lair:6   | Reached skill level 16 in Axes
 11217 | Lair:6   | Identified the ring of Igaguz {rC++ rN+ MR++ Stlth-} (You found it on level 1 of the Lair of Beasts)
 11909 | D:11     | Reached ****** piety under Makhleb
 12073 | D:11     | Found a staircase to the Orcish Mines.
 12177 | D:11     | Gained mutation: You resist negative energy. (rN+) [Deep Dwarf growth]
 12177 | D:11     | Reached XP level 14. HP: 133/133 MP: 17/17
 13248 | D:13     | Found a gate to the Vaults.
 13832 | D:14     | Noticed Josephine
 13835 | D:14     | Reached skill level 17 in Axes
 13835 | D:14     | Reached skill level 1 in Dodging
 13844 | D:14     | Killed Josephine
 13862 | D:14     | Noticed Roxanne
 14612 | D:15     | Entered Level 15 of the Dungeon
 14612 | D:15     | Noticed Azrael
 15019 | D:15     | Killed Azrael
 15039 | D:15     | HP: 6/135 [hell hound[Azrael] (6)]
 15039 | D:15     | HP: 2/135 [slime creature (4)]
 15049 | D:15     | Reached skill level 5 in Dodging
 15155 | D:15     | Reached XP level 15. HP: 110/142 MP: 15/15
 15162 | D:15     | Found a staircase to the Depths.
 15372 | Orc:1    | Entered Level 1 of the Orcish Mines
 15511 | Orc:2    | Entered Level 2 of the Orcish Mines
 15517 | Orc:2    | Noticed Urug
 15524 | Orc:2    | Killed Urug
 15547 | Orc:2    | Found a staircase to the Elven Halls.
 15604 | Orc:2    | Found Arha's Armour Boutique.
 15627 | Orc:2    | Noticed Nessos
 15652 | Orc:2    | Killed Nessos
 15697 | Orc:2    | Reached skill level 18 in Axes
 15701 | Orc:2    | Found Neimamp's Gadget Shoppe.
 15701 | Orc:2    | Found Afrodyel's Weapon Boutique.
 15710 | Orc:2    | Found Hyicsid's Assorted Antiques.
 15710 | Orc:2    | Found Wodurhex's Armour Emporium.
 16288 | Spider:1 | Entered Level 1 of the Spider Nest
 16337 | Spider:1 | Noticed Kirke
 16376 | Spider:1 | Killed Kirke
 16500 | Spider:1 | Noticed Rupert
 16512 | Spider:1 | Killed Rupert
 17255 | Spider:2 | Noticed Arachne
 17272 | Spider:1 | Killed Arachne
 17354 | Spider:2 | Reached XP level 16. HP: 152/152 MP: 12/12
 17392 | Spider:2 | Noticed Asterion
 17402 | Spider:2 | Killed Asterion
 17409 | Spider:2 | HP: 6/152 [spark wasp/living lightning (13)]
 17765 | Spider:2 | Paralysed by a hornet for 2 turns
 18031 | Spider:2 | Paralysed by a hornet for 2 turns
 18039 | Spider:2 | Reached skill level 15 in Invocations
 18190 | Spider:2 | Reached skill level 10 in Dodging
 18537 | Spider:3 | Reached skill level 19 in Axes
 18999 | Spider:4 | Entered Level 4 of the Spider Nest
 19196 | Spider:3 | HP: 3/154 [jumping spider (17)]
 19196 | Spider:3 | HP: 1/154 [tarantella (2)]
 19197 | Spider:3 | Mangled by a jumping spider

Skill      XL: |  1  2  3  4  5  6  7  8  9 10 11 12 13 14 15 16 |
---------------+-------------------------------------------------+-----
Axes           | 3 4 5 6 8 9 10 12 13 15 16 17 18 19 | 19.2
Fighting       | 3 4 5 6 7 8 9 10 11 12 | 12.5
Armour         | 4 5 6 7 8 9 10 11 12 13 14 | 14.5
Invocations    | 2 5 7 9 11 12 13 14 15 | 15.4
Evocations     | 4 5 |  5.0
Dodging        | 5 8 10 | 10.9
Shields        | |  3.2

Action                   |  1- 3 |  4- 6 |  7- 9 | 10-12 | 13-15 | 16-18 || total
-------------------------+-------+-------+-------+-------+-------+-------++-------
Melee: War axe           |   139 |   210 |   164 |       |       |       ||   513
       Battleaxe         |       |       |   152 |   481 |  1052 |   387 ||  2072
Invok: Lesser Servant of |       |       |       |     3 |    13 |     7 ||    23
       Greater Servant o |       |       |       |       |       |     1 ||     1
 Abil: Heal Wounds       |     1 |     7 |    10 |     6 |    31 |    31 ||    86
Evoke: Wand              |       |       |       |       |     1 |     5 ||     6
 Stab: Distracted        |       |       |       |     1 |     3 |     3 ||     7
       Paralysed         |       |       |       |       |     2 |       ||     2
  Eat: Chunk             |       |     6 |    13 |    15 |    25 |     6 ||    65
       Ration            |       |       |       |     1 |       |       ||     1
Armor: Scale mail        |    72 |   115 |    37 |   296 |   658 |   386 ||  1564
       Chain mail        |       |       |   181 |       |       |       ||   181
Dodge: Dodged            |    45 |    62 |   133 |   270 |   625 |   462 ||  1597
Block: Shield            |    75 |   109 |    63 |       |       |       ||   247
